Map: Nightscape LE

Players

Инквизиция - Winner!

  • Race: Protoss Protoss
  • League: Platinum
  • Spawn Location: 7:00

madmax - Winner!

  • Race: Protoss Protoss
  • Spawn Location: 7:00

Massa

  • Race: Terran Terran
  • League: Gold
  • Spawn Location: 1:00

qqq

  • Race: Zerg Zerg
  • League: Platinum
  • Spawn Location: 1:00

VOD

Have the link to the VOD?

Description

Time

  • Played on: Aug. 11, 2020, 9:25 a.m.
  • Length: 17:00
Show
View Real Time Build Order
Export as new Build Order

Инквизиция Protoss - Winner!

Build Orders: 1 Gate Expand 

Get SALT Encoding   

  12  0:07  Probe  
  13  0:16  Pylon  
  13  0:26  Probe  
  14  0:36  Gateway  
  14  0:39  Probe (Chrono Boost)  
  15  0:48  Probe (Chrono Boost)  
  16  1:00  Probe  
  17  1:19  Probe  
  17  1:22  Nexus  
  18  1:26  Assimilator  
  18  1:33  Cybernetics Core  
  18  1:38  Probe (Chrono Boost)  
  19  1:48  Pylon  
  19  2:02  Probe  
  20  2:12  Gateway  
  20  2:14  Probe (Chrono Boost)  
  21  2:20  Forge  
  21  2:24  Probe (Chrono Boost), Assimilator  
  22  2:30  Probe  
  22  2:39  Stalker  
  24  2:50  Shield Battery  
  24  2:53  Photon Cannon  
  24  2:57  Probe (Chrono Boost)  
  26  3:02  Probe (Chrono Boost)  
  26  3:04  Warp Gate  
  26  3:08  Probe (Chrono Boost)  
  26  3:11  Probe (Chrono Boost)  
  28  3:14  Probe  
  29  3:25  Stalker x2  
  33  3:28  Pylon  
  33  3:31  Probe  
  34  3:45  Protoss Ground Weapons Level 1  
  34  3:52  Probe x2  
  34  3:54  Gateway  
  34  3:55  Pylon  
  36  3:56  Sentry  
  38  4:04  Stalker  
  38  4:09  Shield Battery  
  40  4:17  Probe (Chrono Boost)  
  42  4:22  Probe (Chrono Boost), Stalker  
  44  4:32  Probe  
  44  4:34  Probe, Stalker  
  44  4:36  Assimilator  
  48  4:39  Assimilator  
  48  4:44  Pylon  
  48  4:46  Probe  
  49  5:09  Stalker  
  49  5:10  Stalker  
  53  5:16  Photon Cannon  
  53  5:17  Probe (Chrono Boost)  
  53  5:21  Twilight Council  
  55  5:22  Probe (Chrono Boost)  
  56  5:29  Probe (Chrono Boost)  
  56  5:30  Zealot  
  56  5:32  Probe (Chrono Boost)  
  56  5:33  Probe (Chrono Boost)  
  56  5:34  Gateway  
  60  5:36  Pylon  
  60  5:40  Pylon  
  60  5:41  Probe  
  61  5:51  Stalker x2  
  61  5:52  Stalker  
  61  5:56  Charge (Chrono Boost)  
  67  6:04  Protoss Ground Armor Level 1 (Chrono Boost)  
  67  6:08  Probe (Chrono Boost)  
  69  6:12  Gateway  
  69  6:13  Probe (Chrono Boost)  
  69  6:17  Stalker  
  69  6:18  Probe (Chrono Boost)  
  72  6:21  Probe (Chrono Boost)  
  73  6:26  Templar Archives  
  73  6:27  Zealot  
  73  6:32  Probe  
  76  6:39  Stalker x2  
  78  7:25  Stalker x4  
  86  7:41  Psionic Storm  
  86  7:43  Blink  
  86  7:47  Nexus  
  86  7:52  Assimilator  
  86  7:53  Pylon x3  
  86  7:55  Assimilator  
  86  7:56  Pylon  
  86  7:58  Pylon  
  86  7:59  Gateway  
  86  8:02  Gateway  
  86  8:03  Photon Cannon  
  85  8:20  Probe x2  
  87  8:32  Probe x2  
  89  8:36  Photon Cannon  
  89  8:41  Photon Cannon  
  89  8:43  Nexus  
  89  8:44  Probe  
  89  8:46  Assimilator  
  90  8:49  Pylon  
  90  8:50  High Templar  
  90  8:51  High Templar x4, Assimilator  
  90  8:54  Protoss Ground Weapons Level 2  
  100  9:05  Archon x2  
  100  9:06  High Templar x2  
  104  9:15  Robotics Facility  
  104  9:36  Pylon  
  104  9:40  Photon Cannon  
  104  9:42  Photon Cannon  
  104  9:43  Stalker x4  
  104  9:44  Photon Cannon  
  104  9:45  Shield Battery  
  112  9:51  Zealot x3  
  118  9:58  Robotics Facility  
  118  10:04  Observer  
  119  10:27  Stalker x2  
  119  10:28  Stalker x3  
  125  10:29  Stalker x2  
  125  10:30  Probe x2  
  125  10:31  Probe  
  137  10:42  Probe  
  137  10:43  Probe x2  
  125  10:59  Archon  
  65  11:24  High Templar x5  
  65  11:25  High Templar x2  
  77  11:32  Robotics Bay  
  75  11:43  Archon  
  75  11:45  Archon  
  61  12:05  Zealot x2  
  61  12:06  Zealot x2  
  61  12:07  Zealot x3  
  51  12:24  Immortal  
  51  12:29  Gateway  
  55  12:30  Zealot x3  
  55  12:31  Gateway, Zealot x3  
  55  12:32  Gateway  
  55  12:35  Gateway  
  65  12:37  Gateway  
  52  13:07  Zealot  
  52  13:08  Zealot x4  
  52  13:09  Zealot  
  64  13:26  High Templar  
  64  13:27  High Templar x2  
  66  13:28  High Templar  
  66  13:29  Stalker x4  
  66  13:30  Stalker  
  66  13:31  Probe x2  
  74  13:45  Archon  
  74  13:46  Archon  
  66  13:48  Zealot  
  66  13:49  Zealot  
  70  14:02  Probe x2  
  72  14:14  Probe x2  
  72  14:16  High Templar x2  
  78  14:21  Colossus  
  84  14:28  Pylon  
  84  14:29  Nexus  
  83  14:42  Zealot  
  83  14:43  Zealot x3  
  90  14:47  Probe x3  
  93  14:55  Assimilator  
  93  14:56  Assimilator  
  93  15:00  Assimilator  
  93  15:16  Zealot x5  
  103  15:26  Forge  
  103  15:44  High Templar  
  103  15:45  High Templar x3  
  103  15:47  Probe  
  103  15:48  Probe x2  
  114  15:51  Pylon  
  114  15:53  Archon  
  114  15:54  Archon  
  114  16:00  Probe  
  99  16:53  Zealot  
  99  16:54  Zealot x5  
  99  16:55  Zealot x5  
Show
View Real Time Build Order
Export as new Build Order

madmax Protoss - Winner!

Build Orders: Cannon Rush, Carriers 

Get SALT Encoding   

  12  0:01  Probe (Chrono Boost)  
  13  0:10  Probe (Chrono Boost)  
  14  0:15  Probe (Chrono Boost)  
  15  0:25  Pylon  
  15  0:48  Forge  
  15  0:51  Gateway  
  15  0:53  Probe  
  16  1:09  Probe (Chrono Boost)  
  17  1:15  Pylon  
  18  1:18  Probe (Chrono Boost)  
  18  1:23  Probe (Chrono Boost)  
  18  1:25  Photon Cannon  
  19  1:34  Photon Cannon  
  19  1:39  Photon Cannon  
  19  1:45  Pylon  
  19  1:57  Probe  
  19  1:59  Photon Cannon  
  20  2:04  Photon Cannon  
  20  2:09  Probe  
  21  2:21  Probe (Chrono Boost)  
  22  2:32  Cybernetics Core  
  22  2:33  Probe (Chrono Boost)  
  22  2:34  Assimilator  
  23  2:38  Assimilator  
  23  2:39  Probe (Chrono Boost)  
  24  2:47  Probe  
  24  2:50  Pylon  
  25  3:09  Photon Cannon  
  25  3:10  Photon Cannon  
  25  3:11  Pylon  
  25  3:15  Probe (Chrono Boost)  
  26  3:24  Probe (Chrono Boost)  
  27  3:29  Probe (Chrono Boost)  
  28  3:51  Nexus  
  28  3:54  Pylon  
  28  3:57  Probe  
  29  4:09  Probe  
  30  4:10  Assimilator  
  30  4:15  Photon Cannon  
  30  4:20  Stargate  
  30  4:21  Probe  
  31  4:26  Stargate  
  31  4:29  Shield Battery  
  31  4:51  Shield Battery  
  31  4:55  Shield Battery  
  31  4:57  Pylon  
  31  5:01  Pylon  
  31  5:03  Assimilator  
  31  5:10  Void Ray x2 (Chrono Boost)  
  39  5:19  Probe (Chrono Boost)  
  41  5:30  Probe (Chrono Boost)  
  41  5:34  Probe (Chrono Boost)  
  42  5:45  Probe  
  42  5:48  Void Ray x2  
  51  5:57  Probe  
  52  6:09  Probe  
  53  6:15  Fleet Beacon  
  53  6:18  Pylon  
  53  6:22  Probe (Chrono Boost)  
  54  6:31  Probe (Chrono Boost)  
  55  6:36  Probe (Chrono Boost)  
  56  6:41  Protoss Shields Level 1  
  56  6:47  Protoss Air Weapons Level 1  
  52  7:45  Carrier (Chrono Boost)  
  52  7:46  Carrier (Chrono Boost)  
  64  7:51  Probe (Chrono Boost)  
  65  8:01  Probe (Chrono Boost)  
  66  8:06  Probe (Chrono Boost)  
  67  8:25  Pylon  
  67  8:28  Pylon  
  67  8:41  Mothership (Chrono Boost)  
  67  8:46  Carrier (Chrono Boost)  
  67  8:47  Pylon  
  81  8:59  Pylon  
  81  9:05  Carrier  
  87  9:43  Nexus  
  75  10:10  Carrier (Chrono Boost)  
  87  10:17  Carrier (Chrono Boost)  
  87  10:39  Protoss Air Weapons Level 2  
  87  11:00  Photon Cannon  
  87  11:05  Pylon  
  87  11:09  Pylon  
  87  12:10  Carrier x2 (Chrono Boost)  
  99  13:09  Carrier x2 (Chrono Boost)  
  111  13:19  Probe (Chrono Boost)  
  112  13:28  Probe (Chrono Boost)  
  112  13:33  Probe (Chrono Boost)  
  114  13:49  Twilight Council, Protoss Air Weapons Level 3  
  114  14:45  Carrier x2 (Chrono Boost)  
  126  15:43  Carrier  
  126  15:46  Pylon  
  126  15:49  Assimilator  
  132  15:53  Assimilator  
  132  15:55  Pylon  
  132  16:01  Pylon  
Show
View Real Time Build Order
Export as new Build Order

Massa Terran 

Build Orders:  

Get SALT Encoding   

  12  0:01  SCV  
  13  0:13  SCV  
  14  0:23  Supply Depot  
  14  0:25  SCV  
  15  0:39  Refinery  
  15  0:45  SCV  
  15  0:46  Barracks  
  16  0:57  SCV  
  17  1:09  SCV  
  18  1:21  SCV  
  19  1:33  SCV  
  19  1:35  Supply Depot  
  21  1:40  Reaper  
  21  1:56  Orbital Command  
  21  2:11  Command Center  
  21  2:29  Marine  
  22  2:35  Factory  
  22  2:43  SCV  
  23  2:47  Marine  
  24  2:55  SCV  
  25  3:02  Barracks  
  25  3:04  Marine  
  26  3:07  SCV  
  27  3:19  SCV  
  28  3:45  Marine  
  27  3:50  Factory Tech Lab  
  27  3:54  Barracks Tech Lab  
  27  4:02  Bunker  
  27  4:03  Marine  
  27  4:09  Engineering Bay  
  28  4:14  Barracks x2  
  28  4:16  Refinery  
  28  4:21  Marine  
  28  4:22  Orbital Command  
  28  4:23  SCV  
  30  4:26  Factory  
  30  4:27  Marauder  
  30  4:29  Stimpack  
  32  4:35  SCV  
  32  4:36  Refinery  
  32  4:37  Siege Tank  
  36  4:38  Marine  
  37  4:47  SCV  
  37  4:49  Marauder  
  40  4:57  Barracks Tech Lab  
  40  4:59  SCV  
  41  5:04  Infernal Pre-Igniter  
  41  5:09  Missile Turret  
  41  5:11  SCV  
  41  5:13  Barracks Tech Lab  
  42  5:14  Barracks Tech Lab  
  42  5:23  SCV  
  42  5:27  Concussive Shells  
  43  5:29  Missile Turret  
  43  5:30  Factory Reactor  
  43  5:32  Marauder  
  43  5:33  Marine  
  46  5:41  Supply Depot  
  46  5:45  Missile Turret  
  46  5:49  Supply Depot  
  46  5:51  Missile Turret  
  46  5:57  Combat Shield  
  46  6:02  SCV x2, Marine x4  
  52  6:13  Supply Depot  
  52  6:14  SCV x2  
  54  6:20  Marine x2  
  54  6:23  Missile Turret  
  56  6:26  SCV x2  
  56  6:29  Terran Infantry Weapons Level 1  
  58  6:36  Hellion  
  58  6:37  Hellion  
  58  6:38  SCV x2  
  58  6:39  Siege Tank  
  67  6:43  Marauder  
  69  6:50  SCV  
  68  7:22  Marauder  
  69  7:23  Marauder  
  69  7:24  Marauder  
  70  7:30  Supply Depot  
  70  7:31  Supply Depot  
  70  7:32  Supply Depot  
  70  7:49  Missile Turret  
  70  7:51  Missile Turret  
  70  7:52  Marine  
  70  7:53  Marauder x2, Marine, Supply Depot  
  76  8:11  Marauder, Marine  
  79  8:15  Marauder x2  
  83  8:20  Missile Turret  
  83  8:23  Missile Turret  
  83  8:29  Marauder  
  83  8:31  Marine  
  83  8:33  Command Center  
  86  8:36  Marine  
  87  8:56  Command Center  
  87  9:16  Terran Infantry Armor Level 1  
  87  9:20  Armory  
  87  9:38  Missile Turret  
  87  9:44  Marine  
  87  9:45  Marauder x3  
  94  9:48  Supply Depot  
  94  9:50  Missile Turret  
  94  9:55  Missile Turret  
  94  9:58  Engineering Bay  
  94  10:02  Marine  
  94  10:06  Marauder x2, Marine  
  100  10:14  Orbital Command  
  100  10:17  SCV  
  100  10:19  SCV  
  100  10:20  Marine  
  103  10:24  Marauder  
  103  10:28  Marauder x2  
  109  10:32  Orbital Command  
  109  10:33  Supply Depot  
  109  10:37  Missile Turret  
  109  10:48  Starport  
  92  11:30  Marauder  
  92  11:31  Marauder x3  
  92  11:32  Thor  
  106  11:38  Viking  
  108  11:48  Missile Turret  
  108  11:51  Marauder  
  108  11:52  Marauder  
  110  12:03  Missile Turret x3  
  110  12:05  Missile Turret  
  110  12:06  Marine  
  94  12:09  Marine  
  94  12:13  Marauder x2  
  94  12:15  Thor  
  90  12:18  Supply Depot  
  90  12:20  Supply Depot  
  87  12:24  Marine  
  87  12:27  Marine  
  86  12:34  Marine x2  
  79  12:42  Marine  
  80  12:45  Marine  
  75  12:51  Marine  
  75  12:52  Marine  
  70  12:59  Marine  
  70  13:03  Marine  
  64  13:09  Marine  
  64  13:10  Marine  
  63  13:17  Marine  
  64  13:21  Marine  
  60  13:39  Command Center  
  50  13:46  Command Center  
  25  15:07  SCV x2  
  29  15:14  Widow Mine  
  29  15:15  Widow Mine  
  31  15:26  Orbital Command  
  31  15:45  Starport  
  31  15:46  Orbital Command  
  31  15:54  SCV  
Show
View Real Time Build Order
Export as new Build Order

qqq Zerg 

Build Orders: Hatch First 

Get SALT Encoding   

  12  0:02  Drone  
  13  0:12  Drone  
  14  0:40  Hatchery  
  13  0:44  Drone  
  14  0:54  Spawning Pool  
  13  0:57  Drone  
  14  1:07  Overlord  
  14  1:19  Extractor  
  14  1:20  Drone  
  14  1:32  Drone  
  15  1:33  Drone  
  15  1:34  Drone  
  18  1:57  Hatchery  
  17  2:01  Zergling x2  
  17  2:02  Queen, Zergling x2  
  17  2:06  Drone  
  22  2:33  Hatchery  
  22  2:36  Drone  
  22  2:38  Overlord  
  22  2:47  Metabolic Boost  
  22  2:49  Overlord  
  22  2:57  Drone  
  23  3:00  Drone  
  23  3:05  Baneling Nest  
  23  3:09  Drone  
  23  3:10  Drone  
  25  3:13  Zergling x2  
  25  3:15  Zergling x2  
  27  3:28  Spine Crawler  
  25  3:50  Zergling x2  
  25  3:51  Zergling x4  
  25  3:52  Drone  
  25  3:53  Zergling x6  
  30  4:05  Drone  
  30  4:07  Drone x2  
  30  4:09  Zergling x2  
  34  4:13  Lair  
  34  4:15  Drone, Extractor  
  34  4:26  Drone x3  
  34  4:28  Zergling x2  
  38  4:35  Drone  
  38  4:36  Queen  
  38  4:37  Overlord  
  36  5:06  Zergling x6  
  36  5:07  Drone, Zergling x2  
  38  5:08  Drone x3  
  38  5:09  Drone x2  
  43  5:18  Drone  
  44  5:22  Drone x2  
  44  5:28  Baneling x5  
  46  5:29  Baneling x5  
  46  5:31  Drone  
  46  5:35  Drone x2  
  48  5:42  Pneumatized Carapace  
  49  5:48  Drone  
  49  5:49  Overlord x2  
  50  5:50  Overlord x2  
  50  6:06  Queen  
  52  6:25  Drone x5  
  55  6:26  Drone x4  
  55  6:27  Zergling x6  
  64  6:34  Hydralisk Den  
  64  6:38  Centrifical Hooks  
  63  6:52  Zergling x4  
  60  7:01  Zergling x8  
  60  7:02  Zergling x2  
  60  7:03  Zergling x2  
  60  7:04  Hydralisk x2  
  60  7:05  Hydralisk  
  72  7:20  Drone  
  70  7:33  Hatchery, Hydralisk x3  
  75  7:37  Hatchery  
  75  7:42  Overlord x3  
  74  7:50  Hatchery  
  69  8:19  Drone x3  
  73  8:20  Drone x4  
  73  8:24  Hydralisk x4  
  84  8:30  Roach Warren  
  84  8:31  Evolution Chamber  
  84  8:32  Evolution Chamber  
  81  8:34  Baneling x2  
  81  8:35  Baneling x4  
  81  8:38  Zergling x6  
  81  8:39  Drone x3  
  87  8:50  Spore Crawler  
  87  8:51  Spore Crawler  
  87  8:54  Spine Crawler, Spore Crawler  
  83  8:56  Extractor, Drone  
  83  8:57  Extractor  
  82  9:03  Spore Crawler  
  82  9:04  Spore Crawler  
  82  9:05  Spore Crawler  
  82  9:06  Spine Crawler  
  82  9:09  Muscular Augments  
  78  9:13  Drone x2  
  78  9:14  Drone x5  
  78  9:16  Roach  
  87  9:25  Drone  
  87  9:29  Queen  
  87  9:30  Drone  
  91  9:33  Extractor  
  91  9:34  Extractor, Hydralisk x2  
  91  9:35  Hydralisk  
  95  9:41  Queen  
  91  10:09  Drone x5  
  91  10:13  Queen, Spore Crawler  
  97  10:16  Drone x3  
  97  10:20  Grooved Spines  
  100  10:21  Drone  
  100  10:22  Drone x2  
  100  10:24  Overlord  
  100  10:25  Overlord x4  
  103  10:32  Zerg Missile Weapons Level 1  
  103  10:34  Infestation Pit, Glial Reconstitution  
  102  10:38  Zergling x2  
  102  10:41  Overseer  
  90  10:59  Hydralisk x3  
  90  11:00  Hydralisk, Zergling x4  
  90  11:01  Zergling x12  
  90  11:02  Roach  
  82  11:12  Zergling x6  
  82  11:13  Zergling x2  
  82  11:14  Hydralisk  
  82  11:15  Roach  
  82  11:18  Roach  
  92  11:35  Hydralisk x4  
  92  11:36  Hydralisk  
  92  11:37  Drone  
  92  11:38  Drone  
  81  12:26  Hydralisk x8  
  81  12:28  Drone x6  
  81  12:29  Drone x3  
  90  13:07  Drone x2, Zergling x4  
  90  13:08  Hydralisk, Zergling x4  
  90  13:09  Hydralisk x5  
  102  13:40  Hydralisk x4  
  106  13:41  Drone  
  106  13:42  Drone x5  
  108  13:59  Spire  
  108  14:02  Spore Crawler  
  106  14:03  Spore Crawler  
  106  14:04  Spore Crawler  
  106  14:05  Spore Crawler  
  106  14:06  Spore Crawler  
  106  14:07  Drone x2, Spore Crawler  
  106  14:08  Drone x3  
  106  14:09  Hydralisk x3  
  101  14:10  Spore Crawler  
  83  14:39  Overseer  
  83  14:40  Hatchery  
  83  14:41  Zerg Missile Weapons Level 2  
  83  14:43  Zerg Ground Armor Level 1  
  82  14:47  Zergling x6  
  82  14:48  Hatchery, Zergling x8  
  82  14:49  Zergling x4  
  88  15:16  Hydralisk x2  
  88  15:17  Hydralisk x3  
  88  15:18  Hydralisk x5  
  88  15:20  Hatchery x2  
  106  15:22  Queen  
  106  15:23  Drone  
  109  15:34  Drone  
  110  15:39  Hydralisk x2  
  110  15:40  Drone x2  
  116  15:52  Drone x4  
  116  15:53  Hydralisk x2  
  114  16:23  Hatchery  
Tags
 
Add a new tag
Caveats
  • Supply blocks, unpowered buildings, or Contaminate may cause inaccurate times.
  • Supply counts are checked every 10 seconds.